 Dungeon Sprint DCSS version 0.20-a0-268-gb6bde61 (webtiles) character file.

1819 esc the Fighter (level 9, -3/110 HPs)
             Began as an Ogre Hunter on Dec 7, 2016.
             Was a Priest of Okawaru.
             Slain by a deep troll (11 damage)
             ... in the Dungeon (Sprint I: "Red Sonja").
             The game lasted 00:04:28 (638 turns).

esc the Fighter (Ogre Hunter)                        Turns: 638, Time: 00:04:29

Health: -3/110     AC:  3    Str: 22    XL:     9   Next: 10%
Magic:  13/13      EV: 13    Int: 14    God:    Okawaru [***...]
Gold:   383        SH:  3    Dex: 10    Spells: 8/8 levels left

rFire  . . .     SeeInvis .     l - +0 giant club
rCold  . . .     Gourm    .     b - +0 robe
rNeg   . . .     Faith    .     (shield currently unavailable)
rPois  .         Spirit   .     (helmet restricted)
rElec  .         Reflect  +     (no cloak)
rCorr  .         Harm     .     (gloves unavailable)
MR     +....     NoTele   +     (boots unavailable)
Stlth  +.........               o - amulet "Routomn" {Reflect *Drain MR+ Int+4 Slay+3 SH+3}
                                (no ring)
                                (no ring)

@: hasted, very quick
A: unfitting armour, tough skin 1
a: Heroism, Renounce Religion


You were in the Dungeon.
You worshipped Okawaru.
Okawaru was most pleased with you.
You were not hungry.

You visited 1 branch You collected 528 gold pieces.
You spent 145 gold pieces at shops.

Inventory:

Hand Weapons
 a - a +0 short sword
 l - a +0 giant club (weapon)
   (You took it off an ogre in the Dungeon)
Missiles
 c - 4 large rocks (quivered) {!d}
 d - 2 throwing nets {=f, !d}
 m - 9 curare-tipped needles
Armour
 b - a +0 robe (worn)
Jewellery
 o - the amulet "Routomn" (around neck) {Reflect *Drain MR+ Int+4 Slay+3 SH+3}
   (You bought it in a shop in the Dungeon)

   [amulet of reflection]

   It shields you and reflects attacks.
   It affects your intelligence (+4).
   It affects your accuracy and damage with ranged weapons and melee attacks
   (+3).
   It affects your resistance to hostile enchantments.
   It causes draining when unequipped.
   It affects your SH (+3).
Scrolls
 k - a scroll of blinking {!r}
 n - a scroll of recharging {unknown}
Potions
 e - a potion of curing
 g - a potion of heal wounds
 i - 2 potions of magic
 j - a potion of lignification {unknown}
Comestibles
 f - a bread ration {@e1}


   Skills:
 + Level 13.5 Fighting
 + Level 10.8 Maces & Flails
 + Level 11.3 Throwing
 + Level 8.0 Dodging
 - Level 0.6 Stealth
 + Level 5.9 Invocations


You had 8 spell levels left.
You didn't know any spells.

Dungeon Overview and Level Annotations

Branches:
Dungeon (1/1)

Altars:
Cheibriados
Dithmenos
Elyvilon
Fedhas
Gozag
Hepliaklqana
Kikubaaqudgha
Makhleb
Nemelex Xobeh
Okawaru
Qazlal
Ru
Sif Muna
Trog
Uskayaw
Vehumet
Xom
Yredelemnul
Zin
The Shining One
Jiyva
Lugonu

Shops:
D *


Innate Abilities, Weirdness & Mutations

You are too large for most types of armour.
You have tough skin. (AC +1)


Message History

MP restored: 11
Things that are here:
a dagger; a robe; a kobold corpse
There is an open door, spattered with blood here.
Things that are here:
a dagger; a robe; a kobold corpse
There is an open door here.
There is a shimmering altar of Xom here.
There is a burning altar of Makhleb here.
There is an open door here.
There is an open door here.
You see here a chain mail.
You open the door.
Sonja, the Graceful Assassin comes into view.
She is wielding a dagger of venom.
Sonja shouts!
Sonja mumbles some strange words.
Sonja blinks!
Okay, then.
Okay, then.
You miss Sonja. Sonja barely misses you. x3
Sonja hits you with an uncursed dagger of venom.
You are poisoned.
Sonja hits you with an uncursed dagger of venom.
You are more poisoned.
Sonja hits you with an uncursed dagger of venom.
You are more poisoned.
You take 6 damage, and have 95/101 hp.
Unknown command.
Unknown command.
Unknown command.
You closely miss Sonja.
You feel sick. You block Sonja's attack. x2
Sonja barely misses you. Sonja hits you but does no damage.
You are more poisoned.
Sonja hits you with an uncursed dagger of venom. x2
You are more poisoned.
You take 8 damage, and have 87/101 hp.
Unknown command.
Unknown command.
Unknown command.
You bludgeon Sonja!!
You kill Sonja!
Okawaru is honoured by your kill.
Your Fighting skill increases to level 13!
Your Maces & Flails skill increases to level 10!
Your Throwing skill increases to level 11!
Your Dodging skill increases to level 8!
Your Invocations skill increases to level 5!
You have reached level 9!
Your experience leads to an increase in your attributes!
Your base attributes are Str 20, Int 10, Dex 10.
Increase (S)trength, (I)ntelligence, or (D)exterity?
You feel stronger. x2
You feel very sick.
You regained 5 hp, and now have 92/110 hp.
Unknown command.
You feel very sick.
m - 9 curare-tipped needles
There is an open door, spattered with blood here.
Things that are here:
an uncursed dagger of venom; an uncursed blowgun You feel sick.
You take 4 damage, and have 88/110 hp.
You feel sick.
You take 2 damage, and have 86/110 hp.
You feel sick.
You take 2 damage, and have 84/110 hp.
You start resting.
You feel sick. x23
You are no longer poisoned.
You take 16 damage, and have 68/110 hp.
MP restored: 13 You start resting.
Health restored: 110 You now have 302 gold pieces (gained 27).
You now have 329 gold pieces (gained 27).
You now have 356 gold pieces (gained 27).
You now have 383 gold pieces (gained 27).
You open the door.
A deep troll comes into view.
Aim: a deep troll You throw a large rock {!d}.
The large rock {!d} closely misses the deep troll.
Aim: a deep troll
Okay, then.
You sock the deep troll! The deep troll barely misses you.
The deep troll completely misses you. The deep troll closely misses you.
You completely miss the deep troll. The deep troll bites you!!
The deep troll closely misses you. The deep troll claws you!
You take 32 damage, and have 78/110 hp.
MASSIVE DAMAGE!!
You barely miss the deep troll. The deep troll bites you!!
You block the deep troll's attack. The deep troll claws you!!
You take 37 damage, and have 41/110 hp.
MASSIVE DAMAGE!!
Okay, then.
You feel yourself speed up. The deep troll bites you!!
* * * LOW HITPOINT WARNING * * *
The deep troll claws you!
* * * LOW HITPOINT WARNING * * *
The deep troll claws you!
You die...

#..#####'#####'#__####...+
#..####..#...#[#### #####
#..#__####..##.#
#..#_____##'#..+
#⌠⌠#_.∩...'..._#
####_..__##_.#'#
#_____###)#.#
#########.####+###
+..@T$$.$(+ #...#######
##.## #+#


You could see a deep troll.

Vanquished Creatures
  Sonja (D)
  2 kobold demonologists (D)
  A slime creature (D)
  A yak (D)
  Sigmund (D)
  A floating eye (D)
  An ogre (D)
  A jelly (D)
  Ijyb (D)
10 creatures vanquished.

Notes
Turn   | Place    | Note
-------+----------+-------------------------------------------
     0 | D        | esc the Ogre Hunter began the quest for the Orb.
     0 | D        | Reached XP level 1. HP: 22/22 MP: 1/1
     1 | D        | Noticed Ijyb
     2 | D        | Killed Ijyb
     2 | D        | Reached skill level 5 in Fighting
     2 | D        | Reached skill level 5 in Throwing
     2 | D        | Reached XP level 2. HP: 36/36 MP: 2/2
     2 | D        | Reached XP level 3. HP: 44/44 MP: 3/3
     7 | D        | Noticed an ogre
     9 | D        | Killed an ogre
     9 | D        | Reached skill level 8 in Fighting
     9 | D        | Reached skill level 7 in Throwing
     9 | D        | Reached XP level 4. HP: 58/58 MP: 4/4
    24 | D        | Noticed Sigmund
    31 | D        | Killed Sigmund
    31 | D        | Reached skill level 10 in Fighting
    31 | D        | Reached skill level 5 in Maces & Flails
    31 | D        | Reached skill level 8 in Throwing
    31 | D        | Reached skill level 4 in Dodging
    31 | D        | Reached XP level 5. HP: 68/68 MP: 5/5
    31 | D        | Reached XP level 6. HP: 78/78 MP: 6/6
    47 | D        | Found a deep blue altar of Sif Muna.
    49 | D        | Reached skill level 9 in Throwing
    50 | D        | Found a radiant altar of Vehumet.
    80 | D        | Found Qyamnoemig's Assorted Antiques.
    80 | D        | Found an ancient bone altar of Kikubaaqudgha.
    80 | D        | Found a hazy altar of Hepliaklqana.
    80 | D        | Found a stormy altar of Qazlal.
    80 | D        | Found a hide-covered altar of Uskayaw.
    80 | D        | Found a blossoming altar of Fedhas.
    80 | D        | Found a bloodstained altar of Trog.
    80 | D        | Found an iron altar of Okawaru.
    80 | D        | Found a basalt altar of Yredelemnul.
    80 | D        | Found a glowing golden altar of the Shining One.
    80 | D        | Found a snail-covered altar of Cheibriados.
    80 | D        | Found a sacrificial altar of Ru.
    80 | D        | Found a glowing silver altar of Zin.
    80 | D        | Found a shadowy altar of Dithmenos.
    80 | D        | Found a white marble altar of Elyvilon.
    80 | D        | Noticed a yak
    89 | D        | Killed a yak
    89 | D        | Reached skill level 11 in Fighting
    89 | D        | Reached skill level 7 in Maces & Flails
    89 | D        | Reached skill level 5 in Dodging
    89 | D        | Reached XP level 7. HP: 46/88 MP: 7/7
    90 | D        | Found an opulent altar of Gozag.
    93 | D        | Found a sparkling altar of Nemelex Xobeh.
    97 | D        | Bought a clouded pewter amulet for 145 gold pieces
    97 | D        | Identified the amulet "Routomn" {Reflect *Drain MR+ Int+4 Slay+3 SH+3} (You bought it in a shop in the Dungeon)
   263 | D        | Became a worshipper of Warmaster Okawaru
   276 | D        | Found a burning altar of Makhleb.
   276 | D        | Found a viscous altar of Jiyva.
   276 | D        | Found a shimmering altar of Xom.
   276 | D        | Found a corrupted altar of Lugonu.
   276 | D        | Noticed a slime creature
   281 | D        | Killed a slime creature
   281 | D        | Reached skill level 8 in Maces & Flails
   281 | D        | Reached skill level 10 in Throwing
   281 | D        | Reached skill level 6 in Dodging
   380 | D        | Noticed a kobold demonologist
   381 | D        | Reached skill level 12 in Fighting
   381 | D        | Reached skill level 1 in Invocations
   382 | D        | Noticed a kobold demonologist
   382 | D        | Killed a kobold demonologist
   382 | D        | Reached * piety under Okawaru
   382 | D        | Reached skill level 9 in Maces & Flails
   382 | D        | Reached skill level 3 in Invocations
   382 | D        | Reached XP level 8. HP: 101/101 MP: 7/10
   387 | D        | Killed a kobold demonologist
   387 | D        | Reached ** piety under Okawaru
   387 | D        | Reached skill level 7 in Dodging
   387 | D        | Reached skill level 4 in Invocations
   429 | D        | Noticed Sonja
   432 | D        | Killed Sonja
   432 | D        | Reached *** piety under Okawaru
   432 | D        | Reached skill level 13 in Fighting
   432 | D        | Reached skill level 10 in Maces & Flails
   432 | D        | Reached skill level 11 in Throwing
   432 | D        | Reached skill level 8 in Dodging
   432 | D        | Reached skill level 5 in Invocations
   432 | D        | Reached XP level 9. HP: 95/110 MP: 11/13
   633 | D        | Noticed a deep troll
   638 | D        | HP: 15/110 [deep troll (26)]
   638 | D        | Slain by a deep troll

Vault maps used:
D:        dungeon_sprint_1

Skill      XL: |  1  2  3  4  5  6  7  8 |
---------------+-------------------------+-----
Fighting       | 5 8 10 11 12 13 | 13.5
Throwing       | 5 7 8 9 10 11 | 11.3
Maces & Flails | 5 7 9 10 | 10.8
Dodging        | 4 5 6 8 |  8.0
Invocations    | 3 5 |  5.9
Stealth        | |  0.6

Action                   |  1- 3 |  4- 6 |  7- 9 || total
-------------------------+-------+-------+-------++-------
Melee: Giant club        |       |    14 |    15 ||    29
Throw: Large rock        |     3 |     1 |     4 ||     8
  Use: Potion            |       |     1 |     1 ||     2
Armor: Robe              |       |       |     2 ||     2
Dodge: Dodged            |     1 |    10 |    10 ||    21
Block: Other             |       |       |     3 ||     3

Vault maps used:
D:        dungeon_sprint_1

Table legend:
 A = Turns spent in this place as a percentage of turns spent in the entire game.
 B = Non-inter-level travel turns spent in this place as a percentage of non-inter-level travel turns spent in the entire game.
 C = Inter-level travel turns spent in this place as a percentage of turns spent in this place.
 D = Turns resting spent in this place as a percentage of non-inter-level travel turns spent in this place.
 E = Turns spent auto-exploring this place as a percentage of non-inter-level travel turns spent in this place.
 F = Non-inter-level travel turns spent in this place divided by the number of levels of this place that you've seen.
                   A       B       C       D       E      F
               +-------+-------+-------+-------+-------+----------------------
         Total | 100.0 | 100.0 |   0.0 |   4.9 |   0.0 | 182.0
       Dungeon | 100.0 | 100.0 |   0.0 |   4.9 |   0.0 | 182.0
               +-------+-------+-------+-------+-------+----------------------

Table legend:
 A = Kills in this place as a percentage of kills in entire the game.
 B = Kills by you in this place as a percentage of kills by you in the entire game.
 C = Kills by friends in this place as a percentage of kills by friends in the entire game.
 D = Other kills in this place as a percentage of other kills in the entire game.
 E = Experience gained in this place as a percentage of experience gained in the entire game.
 F = Experience gained in this place divided by the number of levels of this place that you have seen.
                   A       B       C       D       E      F
               +-------+-------+-------+-------+-------+----------------------
         Total | 100.0 | 100.0 |  -nan |  -nan | 100.0 | 2599.0
       Dungeon | 100.0 | 100.0 |  -nan |  -nan | 100.0 | 2599.0
               +-------+-------+-------+-------+-------+----------------------
